 Dungeon Crawl Stone Soup version 0.27.0-1-g7a089689b8 (webtiles) character file.

Game seed: 12151816536395669338

179 robertstho the Magician (level 5, 0/55 HPs)
             Began as a Djinni Fire Elementalist on Aug 10, 2021.
             Killed by divine providence
             ... invoked by an orc priest
              (15 damage)
             ... on level 3 of the Dungeon on Aug 11, 2021.
             The game lasted 00:07:37 (3085 turns).

robertstho the Magician (Djinni Fire Elementalist)  Turns: 3085, Time: 00:07:38

Health: 0/55       AC: 22    Str:  7    XL:     5   Next: 90%
Gold:   153        EV:  2    Int: 18    God:
                   SH:  0    Dex: 13

rFire    . . .     SeeInvis .   h - +2 dagger (venom)
rCold    . . .     Faith    .   (no shield)
rNeg     + + +     Spirit   .   (armour currently unavailable)
rPois    ∞         Reflect  .   (helmet currently unavailable)
rElec    .         Harm     .   (cloak currently unavailable)
rCorr    .         Rampage  .   (gloves currently unavailable)
Will     .....     NoTele   +   (boots unavailable)
Stlth    ++........             (no amulet)
HPRegen  0.18/turn              (no ring)
MPRegen  0.00/turn              (no ring)

@: brilliant, tree-form, attractive
A: stationary, stasis, torment immunity, boosted hp, sickness immunity, (fire
resistance 2), (cold vulnerability 1), float, innate caster, hp casting, extra
vitality 1
a: no special abilities


You were on level 3 of the Dungeon.
You were a tree.
You visited 1 branch of the dungeon, and saw 3 of its levels.

You collected 153 gold pieces.

Inventory:

Hand Weapons
 b - a +0 short sword
 h - a +2 dagger of venom (weapon)
Armour
 a - a +0 robe (melded)
Scrolls
 c - a scroll of silence {unknown}
 d - 3 scrolls of vulnerability {unknown}
 e - a scroll of holy word {unknown}
 j - a scroll of blinking {unknown}
 k - a scroll of enchant armour {unknown}
Potions
 g - a potion of attraction


   Skills:
 * Level 1.3 Fighting
 + Level 0.5 Short Blades
 + Level 2.9 Dodging
 + Level 2.1 Stealth
 * Level 4.0 Spellcasting


You couldn't memorise any spells.
You knew the following spells:

 Your Spells              Type           Power      Damage    Failure   Level
a - Foxfire               Conj/Fire      100%       2x1d9     2%          1
b - Conjure Flame         Conj/Fire      27%        6-21      9%          3
c - Inner Flame           Hex/Fire       27%        N/A       9%          3
d - Sticky Flame          Conj/Fire      27%        2d5       26%         4
e - Fireball              Conj/Fire      13%        3d7       58%         5
f - Magic Dart            Conj           100%       1d8       2%          1
g - Blink                 Tloc           N/A        N/A       4%          2
Your spell library was empty.

Dungeon Overview and Level Annotations

Branches:
Dungeon (3/15)

Altars:
Makhleb
Okawaru
Qazlal

Shops:
D:1 *(:[   D:2 [

Annotations:
D:3 2 transporters, JBAR's ghost, amateur TeGl; Robin


Innate Abilities, Weirdness & Mutations

You are a tree.
Your roots penetrate the ground, keeping you stationary.
You cannot be teleported.
You are immune to unholy pain and torment.
Your maximum health is greatly increased.
Your equipment is partially melded.
You are immune to sickness and miasma.
You are immune to poison.
((Your flesh is very heat resistant. (rF++)))
((You are vulnerable to cold. (rC-)))
You float through the air rather than walking.
You learn spells naturally, not from books.
Your magical power is your life essence.
You have superior vitality. (+4 HP)


Message History

Beogh smites you!
* * * LOW HITPOINT WARNING * * *
Casting: Foxfire (safe; 2% risk of failure)
Press: ? - help, Q - select action, (/) - cycle Dir - look around, f - activate You conjure some foxfire!
* * * LOW HITPOINT WARNING * * *
The foxfire hits the orc.
The orc is heavily wounded.
The orc priest casts a cantrip, but nothing happens.
The orc priest looks satisfied for a moment.
The foxfire hits the orc.
The orc is severely wounded.
The foxfire hits the orc.
You kill the orc!
An orc comes into view. It is wielding a +0 war axe.
It was a potion of attraction.
You feel attractive to monsters.
The orc priest looks encouraged for a moment.
The foxfire hits the orc.
The orc is heavily wounded.
The orc priest is pulled toward you! The orc is pulled toward you!
The orc priest is pulled toward you!
It was a potion of lignification.
You turn into a tree.
Your +0 robe melds into your body.
Your roots penetrate the ground.
The orc priest hits you but does no damage.
It was a potion of brilliance.
You feel clever all of a sudden. The orc hits you but does no damage.
The orc priest hits you but does no damage.
Casting: Foxfire (safe; 2% risk of failure)
Press: ? - help, Q - select action, (/) - cycle Dir - look around, f - activate You feel a surge of power!
You conjure some foxfire!
* * * LOW HITPOINT WARNING * * *
The orc hits you but does no damage. The orc barely misses your foxfire.
The orc closely misses your foxfire.
The orc priest calls upon Beogh to heal the orc.
The orc's wounds heal themselves!
The orc priest calls down the wrath of Beogh upon you.
Beogh smites you!
You die...

#....|....####...........
#.....8#8....#...........
#..<..#$#..#.............
#####.8#8.##.........####
#.....#.....##.### #
####........##.# #
#..###..##..### #
##...#..###.##.####
#.♣v...###..##...##
####oov.#...>##.>##.##
#....o..#....##..##.†.
#....###.....#....##.....
#...§# ##.......#.##.####
#..§§# #...........†....
#...o# .............##..
#....o# .............##.#
......o. .............#.#


You could see 2 orc priests and an orc (ally target).

Vanquished Creatures
  An ogre (D:3)
  An orc priest (D:3)
  An adder (D:3)
  4 dart slugs
  4 orcs (D:3)
  2 ball pythons
  2 bats
  3 endoplasms
  A giant cockroach (D:3)
  5 goblins
  7 hobgoblins
  4 kobolds
  A quokka (D:2)
  3 frilled lizards
  4 rats
43 creatures vanquished.

Vanquished Creatures (others)
  152 foxfires
152 creatures vanquished.

Grand Total: 195 creatures vanquished

Notes
Turn   | Place    | Note
-------+----------+-------------------------------------------
     0 | D:1      | robertstho the Djinni Fire Elementalist began the quest for
                  | the Orb.
     0 | D:1      | Reached XP level 1. HP: 15/15 MP: 0/0
   103 | D:1      | Found Qobbywk's Antique Weapon Boutique.
   105 | D:1      | Found Ocenoviv's Assorted Antiques.
   187 | D:1      | Found Sizxaph's Book Shop.
   287 | D:1      | Found Ebruasou's Armour Shop.
   333 | D:1      | Reached XP level 2. HP: 20/21 MP: 0/0
   413 | D:1      | Found a faded altar of an unknown god.
  1456 | D:2      | Reached XP level 3. HP: 22/26 MP: 0/0
  1456 | D:2      | Learned a level 1 spell: Magic Dart
  1568 | D:2      | Found Miypp's Armour Boutique.
  1965 | D:2      | Reached skill level 3 in Spellcasting
  2126 | D:3      | Noticed Robin
  2451 | D:3      | Noticed an ogre
  2460 | D:3      | Killed an ogre
  2461 | D:3      | Reached skill level 1 in Fighting
  2461 | D:3      | Reached XP level 4. HP: 13/32 MP: 0/0
  2461 | D:3      | Reached XP level 5. HP: 15/37 MP: 0/0
  2461 | D:3      | Learned a level 2 spell: Blink
  2667 | D:3      | Found a stormy altar of Qazlal.
  2670 | D:3      | Found an iron altar of Okawaru.
  2674 | D:3      | Found a burning altar of Makhleb.
  2729 | D:3      | Found a transporter.
  2909 | D:3      | Noticed JBAR's ghost (amateur TeGl)
  2914 | D:3      | Found a transporter.
  2934 | D:3      | Reached skill level 4 in Spellcasting
  3085 | D:3      | Killed from afar by an orc priest

Illustrated notes

Levels and vault maps discovered:
D:1:      dpeg_arrival_stonehenge_8_columns, layout_basic, serial_shops,
          nicolae_shop_trees, nicolae_shop_window_shopping, shop_fountains,
          shop, shapermc_ecumenical_altar_mp_highgroup, minmay_misc_feat_hallway
D:2:      layout_basic, serial_shops,
          nicolae_shop_temple_entry_statues_fountains, minivault_11,
          wander_ebering_terrifying_dragon_lair
D:3:      layout_rooms, grunt_temple_overflow_diamond, gammafunk_ghost_arena,
          st_stairs_7, minivault_14, minmay_misc_feat_encased,
          minmay_statues_item, uniq_robin

Skill      XL: |  1  2  3  4  5 |
---------------+----------------+-----
Spellcasting   | 3 4 |  4.0
Fighting       | 1 |  1.3
Stealth        | 2 |  2.1
Short Blades   | |  0.5
Dodging        | |  2.9

Action                   |  1- 3 |  4- 6 || total
-------------------------+-------+-------++-------
Melee: Short sword       |    15 |       ||    15
       Dagger            |    12 |    14 ||    26
 Cast: Foxfire           |    70 |    24 ||    94
  Use: Potion            |       |     3 ||     3
 Stab: Sleeping          |     3 |     2 ||     5
Armor: Robe              |     7 |     1 ||     8
       Skin              |       |     4 ||     4
Dodge: Dodged            |    24 |    13 ||    37
